Unix NetHack Version 5.0.0-0 post-release - last build Jul 14 2026 02:55:29 (1809b74e8187c3a3585e283601c3028b46cbbdcb,branch:main).

Game began 2026-07-14 22:00:04, ended 2026-07-14 22:47:05.

Calendula, neutral female human Wizard

                                 ----                                ---  ----
                        ---.--  --..|                             ----.- --..|
                        |....----...--                            |..)..--...|
                        -.%).%.).....---      ----               --....^.....|
                        ...---.........|.---  |..|               #%%..%.....--
                             |.............----..-              #|..........|
           -----             -......---.....--....--..........-#----...>%.(--
           |...|   --..          ...-    `............)....))..))..)..--<..|
           |.@a--  |.................|.....--......--------.-#--------------
           --.a.----.`........................-
            |.......................|......----
        -------...---..           ---
       --...--..---
       |.......--
       --......|
  ------......--
  |........|.--
  |..-------
  ----

Calendula the Thaumaturge  St:10 Dx:13 Co:15 In:18 Wi:13 Ch:9  Neutral
Dlvl:6  $:90 HP:0(58) Pw:17(85) AC:7  Xp:7 T:3098 

Latest messages:
 You finish eating the lizard corpse.
 You feel less concerned about becoming petrified.
 You no longer feel secure from petrification.
 With great effort you move the boulder.
 You kill the newt!
 You see here a newt corpse.
 There is a newt corpse here; eat it? [ynq] (n) y
 This newt corpse is stringy.
 You finish eating the newt corpse.
 You feel a mild buzz.
 The giant ant bites!
 In what direction? 6
 The spell misses the giant ant.
 The spell misses it.
 The spell hits it!
 You kill it!
 The giant ant bites!
 The giant ant bites!
 The giant ant bites!
 The giant ant bites!
 The giant ant bites!
 In what direction? 6
 The spell misses the giant ant.
 The spell hits it!
 The spell misses it.
 The giant ant bites!
 The giant ant bites!
 The giant ant bites!
 The giant ant bites!
 The giant ant bites!
 The giant ant bites!
 The giant ant bites!
 You miss the giant ant.
 The giant ant bites!
 The giant ant bites!
 The giant ant bites!
 You hit the giant ant!
 You knock the giant ant back with a powerful blow!
 The giant ant bites!
 You miss the giant ant.
 The giant ant bites!
 The giant ant just misses!
 The giant ant bites!
 You miss the giant ant.
 The giant ant just misses!
 The giant ant bites!
 The giant ant bites!
 The giant ant bites!
 You die...
 Do you want your possessions identified? [ynq] (y) q

Inventory:
 Coins    ('$')
  $ - 90 gold pieces
 Amulets  ('"')
  L - an uncursed amulet of guarding
 Weapons  (')')
  a - a blessed +2 quarterstaff (weapon in hands)
 Armor    ('[')
  V - an uncursed +0 orcish helm (being worn)
  G - an uncursed +0 pair of iron shoes (being worn)
  b - a cursed -1 cloak of magic resistance (being worn)
  z - a blessed +1 dwarvish cloak
 Rings    ('=')
  e - an uncursed ring of cold resistance (on left hand)
  d - an uncursed ring of poison resistance
 Wands    ('/')
  c - a wand of slow monster (0:4)
  F - a wand of striking (0:4)
 Tools    ('(')
  o - an uncursed blindfold
  K - an uncursed credit card
  n - a magic marker (0:21)
  J - a +0 pick-axe
  p - an uncursed skeleton key
  s - 2 uncursed tallow candles
  R - an uncursed tin opener
 Gems/Stones  ('*')
  H - 2 uncursed turquoise stones
  S - an uncursed worthless piece of black glass
  W - 2 uncursed worthless pieces of green glass
  N - 2 uncursed worthless pieces of red glass
  T - an uncursed worthless piece of white glass
  U - an uncursed worthless piece of yellowish brown glass

Calendula the Wizard's attributes:

Background:
 You were a Thaumaturge, a level 7 female human Wizard.
 You were neutral, on a mission for Thoth
 who was opposed by Ptah (lawful) and Anhur (chaotic).
 You were right-handed.
 You were in the Gnomish Mines, on level 6.
 You entered the dungeon 3098 turns ago.
 It was nighttime.
 There was a new moon in effect when your adventure ended.
 You had 832 experience points, 448 more were needed to attain level 8.

Basics:
 You had 0 out of 58 hit points.
 You had 17 out of 85 energy points (spell power).
 Your armor class was 7.
 Your wallet contained 90 zorkmids.
 Autopickup was off.

Final Characteristics:
 Your strength was 10 (limit:18/100).
 Your dexterity was 13 (limit:18).
 Your constitution was 15 (limit:18).
 Your intelligence was 18 (limit:18).
 Your wisdom was 13 (limit:18).
 Your charisma was 9 (limit:18).

Final Status:
 You weren't hungry.
 You were unencumbered.
 You were wielding a quarterstaff.
 You had basic skill with quarterstaff and could have enhanced that.

Final Attributes:
 You were piously aligned.
 You were magic-protected.
 You were cold resistant.
 Your items were protected from cold.
 You were warded.
 You are dead.

Miscellaneous:
 You didn't encounter any bones levels.
 Total elapsed playing time was 47 minutes.

Major events:
 Turn
    1: Calendula the neutral female human Wizard entered the dungeon
  377: attained the rank of Conjurer (level 3)
 1908: entered the Gnomish Mines
 2132: attained the rank of Thaumaturge (level 6)
 2657: performed her first genocide (vampires)
 3098: killed by a giant ant

Spells:
 Name                 Level Category     Fail Retention
 force bolt             1   attack         0%   81%-90%
 light                  1   divination     0%  76%-100%

Skills:
 Fighting Skills
   bare handed combat [Unskilled]
   riding             [Unskilled]
 Weapon Skills
   dagger             [Unskilled]
   knife              [Unskilled]
   axe                [Unskilled]
   short sword        [Unskilled]
   club               [Unskilled]
   mace               [Unskilled]
   quarterstaff       [Basic]
   polearms           [Unskilled]
   spear              [Unskilled]
   trident            [Unskilled]
   sling              [Unskilled]
   dart               [Unskilled]
   shuriken           [Unskilled]
 Spellcasting Skills
   attack spells      [Basic]
   healing spells     [Unskilled]
   divination spells  [Unskilled]
   enchantment spells [Basic]
   clerical spells    [Unskilled]
   escape spells      [Unskilled]
   matter spells      [Unskilled]

Voluntary challenges:
 Character rerolling was not enabled.
 You genocided 1 type of monster.
 You never polymorphed an object.
 You never changed form.
 You used no wishes.
Achievements:
 You attained the rank of Conjurer.
 You entered a shop.
 You entered the Gnomish Mines.
 You attained the rank of Thaumaturge.

 The Dungeons of Doom: levels 1 to 3
    Level 1:
    Level 2:
       An altar.
    Level 3:
       A general store.
       Stairs down to The Gnomish Mines.
 The Gnomish Mines: levels 4 to 6
    Level 4:
    Level 5:
    Level 6: <- You were here.
       Final resting place for
          you, killed by a giant ant.


Vanquished creatures:
  a lizard
  a jaguar
  a raven
  5 fog clouds
  3 gnome leaders
  a gray ooze
  4 giant ants
  a little dog
  a kitten
  4 dwarves
  a homunculus
  6 hill orcs
  6 rothes
  9 orc zombies
  9 dwarf zombies
  5 acid blobs
  6 hobbits
  2 manes
  a large kobold
  4 giant rats
  2 yellow molds
  a green mold
  a red mold
 26 gnomes
  7 gnome zombies
  4 geckos
  a jackal
  a fox
  a kobold
  2 goblins
  a sewer rat
  2 grid bugs
  a bat
  a lichen
  9 kobold zombies
  9 newts
140 creatures vanquished.

Genocided species:
 vampires
1 species genocided.

Game over:
                       ----------
                      /          \
                     /    REST    \
                    /      IN      \
                   /     PEACE      \
                  /                  \
                  |    Calendula     |
                  |      90 Au       |
                  |   killed by a    |
                  |    giant ant     |
                  |                  |
                  |                  |
                  |       2026       |
                 *|     *  *  *      | *
        _________)/\\_//(\/(/\)/\//\/|_)_______

Goodbye Calendula the Wizard...

You died in The Gnomish Mines on dungeon level 6 with 3729 points,
and 90 pieces of gold, after 3098 moves.
You were level 7 with a maximum of 58 hit points when you died.

